Map: 硬线-天梯版

Players

Jerry

  • Race: Terran Terran

YKHD - Winner!

  • Race: Zerg Zerg
  • League: Diamond

VOD

Have the link to the VOD?

Description

Time

  • Played on: Nov. 4, 2021, 9:50 a.m.
  • Length: 17:43
Show
View Real Time Build Order
Export as new Build Order

Jerry Terran 

Build Orders: Reaper Expand, Hellion Banshee 

Get SALT Encoding   

  12  0:00  SCV  
  13  0:12  SCV  
  14  0:17  Supply Depot  
  14  0:24  SCV  
  15  0:38  SCV  
  15  0:39  Barracks  
  16  0:45  Refinery  
  16  0:50  SCV  
  17  1:03  SCV  
  18  1:15  SCV  
  19  1:27  Orbital Command  
  19  1:31  Reaper  
  20  1:43  Command Center  
  20  1:51  Supply Depot  
  20  1:53  SCV  
  21  2:03  Marine  
  22  2:09  SCV  
  22  2:13  Factory  
  23  2:17  Refinery  
  23  2:21  SCV  
  24  2:23  Barracks Reactor  
  24  2:33  SCV  
  25  2:45  SCV  
  26  2:56  Orbital Command  
  26  2:58  SCV  
  27  3:06  Starport  
  27  3:08  Hellion x2  
  27  3:09  Barracks Tech Lab  
  27  3:10  SCV  
  32  3:17  Supply Depot  
  32  3:22  SCV  
  32  3:23  SCV  
  34  3:28  Marine  
  34  3:31  Hellion  
  34  3:32  Hellion  
  39  3:35  SCV x2  
  41  3:47  SCV x2  
  43  3:52  Banshee  
  43  3:53  Cloaking Field  
  46  3:56  Hellion x2  
  46  3:59  SCV x2  
  52  4:12  Command Center  
  52  4:19  SCV x2  
  52  4:20  Supply Depot x2  
  52  4:24  Barracks Tech Lab  
  54  4:30  Barracks  
  54  4:31  Factory Reactor  
  54  4:41  SCV x2  
  54  4:43  Refinery  
  54  4:45  Refinery  
  59  4:46  Marine  
  59  4:48  Stimpack  
  59  4:50  Banshee  
  60  4:53  SCV x2  
  62  5:21  SCV x2  
  64  5:22  Widow Mine x2, Marine x2  
  64  5:24  Marine  
  64  5:27  Supply Depot  
  71  5:28  Supply Depot  
  71  5:33  SCV x2  
  73  5:37  Orbital Command  
  73  5:45  Starport Reactor  
  73  5:46  SCV x2, Marine x2  
  73  5:47  Marine  
  73  5:48  Widow Mine x2  
  82  5:55  Barracks  
  82  5:56  Engineering Bay  
  82  5:58  Supply Depot, SCV x2  
  82  6:00  Engineering Bay  
  71  6:30  Combat Shield, Marine x3  
  71  6:31  Medivac x2  
  78  6:37  Terran Infantry Weapons Level 1, Terran Infantry Armor Level 1  
  78  6:39  SCV x2  
  77  6:48  Marine x3  
  77  6:49  Widow Mine  
  77  6:50  Barracks, Widow Mine  
  77  6:52  Barracks x2  
  84  6:55  Concussive Shells  
  84  6:56  Marauder  
  84  6:57  SCV x2  
  88  7:02  Orbital Command  
  88  7:06  Marauder  
  61  7:21  Marine x3  
  58  7:27  Marine  
  58  7:28  SCV x2  
  61  7:36  Medivac x2, Widow Mine x2  
  67  7:39  Marine x3  
  67  7:42  Barracks Reactor  
  67  7:43  Barracks Tech Lab, Barracks Reactor  
  70  7:56  Marine  
  70  7:57  Marauder, Marine x2  
  75  7:59  Widow Mine  
  75  8:00  Widow Mine, Refinery  
  75  8:01  Sensor Tower  
  75  8:02  SCV  
  75  8:03  SCV x2, Refinery  
  82  8:06  Medivac  
  84  8:14  SCV  
  84  8:15  Marauder, SCV x2, Armory, Marine x2  
  84  8:19  Marauder, Supply Depot x3  
  93  8:20  Supply Depot  
  93  8:27  SCV x3, Missile Turret  
  95  8:28  Marauder, Marine x2  
  95  8:32  Medivac, Widow Mine x2  
  95  8:33  Marine x2  
  108  8:35  Marine  
  108  8:38  Supply Depot  
  108  8:40  SCV x2, Marine  
  112  8:45  Supply Depot x2, Marine  
  112  8:46  Marine  
  110  9:10  SCV x3  
  110  9:14  Marauder x3, Marine x4  
  110  9:15  Medivac x2  
  110  9:16  Widow Mine  
  129  9:22  SCV x2  
  131  9:28  Supply Depot  
  131  9:29  Supply Depot  
  131  9:32  Marine x2  
  108  10:05  Marauder  
  108  10:06  Marauder x2, Marine x4  
  116  10:08  Widow Mine x2  
  116  10:13  Factory  
  116  10:21  SCV x2  
  116  10:24  Command Center, Marine x4  
  116  10:27  Marauder x3  
  127  10:29  Barracks  
  127  10:30  Barracks  
  127  10:32  Barracks  
  127  10:39  Missile Turret  
  127  10:42  Marine x4  
  135  10:46  Terran Infantry Weapons Level 2  
  135  10:48  Marauder x2, Terran Infantry Armor Level 2  
  135  10:49  Marauder  
  137  10:59  Marine  
  137  11:03  Marine  
  137  11:04  Marine x2  
  141  11:09  Marine  
  141  11:10  Marauder x2  
  137  11:17  Marine  
  137  11:22  Refinery  
  137  11:26  SCV x3  
  140  11:38  SCV  
  141  11:44  Marauder x2, Marine  
  141  11:45  Marauder, Marine x3  
  141  11:46  Widow Mine x2  
  151  11:47  Factory Tech Lab  
  151  11:49  SCV  
  151  11:53  Supply Depot  
  150  11:56  Supply Depot, Barracks Reactor  
  150  11:57  Barracks Reactor  
  150  11:58  Barracks Tech Lab  
  148  12:05  Marauder  
  150  12:12  Command Center  
  150  12:18  Marine  
  150  12:19  Marauder x2, Marine  
  144  12:43  SCV x2  
  131  12:51  Command Center  
  131  12:53  Marauder x3, Orbital Command, Marine x4  
  131  12:55  SCV  
  132  13:11  Marine  
  130  13:13  Marine x2  
  130  13:14  Marauder x3, SCV, Marine  
  130  13:15  SCV  
  142  13:27  Orbital Command, SCV x2  
  140  13:28  Marine  
  132  13:34  Marine  
  132  13:35  Marine x2  
  132  13:36  Marauder x3  
  141  13:43  SCV x2  
  141  13:46  Marine  
  146  13:51  Widow Mine x2  
  146  13:53  Drilling Claws  
  148  13:55  SCV  
  149  14:03  Planetary Fortress  
  135  14:34  Marauder x3, Marine x4  
  136  14:42  Widow Mine x2  
  136  14:43  Terran Infantry Armor Level 3, Terran Infantry Weapons Level 3  
  136  14:44  SCV x2  
  136  14:45  SCV  
  143  14:52  Marine x4  
  146  14:55  Marauder x3  
  136  15:16  Marauder  
  136  15:17  Marauder x2, Marine x4  
  136  15:19  Siege Tank  
  147  15:35  Marine x4  
  136  15:38  Marauder x3  
  132  15:52  Marine  
  132  15:53  Marine x3  
  129  15:58  Command Center  
  129  15:59  Marauder  
  129  16:00  Marauder x2  
  135  16:10  Marine x2  
  135  16:11  Marine x2  
  139  16:20  Marine  
  139  16:21  Marauder, Marine  
  137  16:28  Marine x3  
  137  16:29  Marine  
  119  16:39  Marauder x2  
  113  16:42  Marauder  
  113  16:46  Marine x4  
  97  16:58  Orbital Command  
  97  17:00  Marauder x2  
  74  17:03  Marauder  
  74  17:04  Marine x4  
  67  17:21  Marauder, Marine  
  67  17:22  Marauder, Marine x3  
Show
View Real Time Build Order
Export as new Build Order

YKHD Zerg - Winner!

Build Orders: Hatch First 

Get SALT Encoding   

  12  0:00  Drone  
  13  0:12  Overlord  
  13  0:17  Drone  
  14  0:31  Drone x2  
  16  0:49  Hatchery  
  15  0:51  Drone  
  15  0:55  Drone  
  17  1:01  Drone  
  18  1:09  Extractor  
  17  1:15  Spawning Pool  
  17  1:18  Drone  
  17  1:22  Drone  
  18  1:28  Drone  
  19  1:39  Drone  
  20  1:51  Drone  
  21  2:01  Queen  
  21  2:02  Zergling x2, Queen  
  21  2:03  Zergling x2  
  27  2:13  Overlord  
  27  2:14  Drone  
  28  2:26  Hatchery  
  28  2:29  Metabolic Boost  
  26  2:38  Drone  
  27  2:44  Queen  
  27  2:46  Drone x2  
  27  2:48  Overlord  
  31  2:54  Drone x2  
  33  3:06  Drone x3  
  36  3:15  Drone x2  
  36  3:17  Overlord  
  36  3:18  Drone  
  36  3:19  Drone  
  40  3:24  Queen  
  42  3:32  Drone x2  
  44  3:36  Overlord  
  44  3:39  Queen  
  46  3:50  Drone  
  46  3:51  Drone  
  46  3:52  Drone x6  
  54  3:58  Zergling x2  
  54  3:59  Zergling x4  
  54  4:01  Lair  
  57  4:09  Drone x3  
  60  4:12  Zergling x4  
  62  4:19  Drone x2  
  62  4:21  Drone x2  
  66  4:25  Extractor  
  66  4:27  Extractor  
  66  4:31  Spore Crawler  
  63  4:34  Spore Crawler  
  63  4:37  Overlord x2  
  62  4:45  Hatchery  
  61  4:55  Overlord  
  61  4:57  Drone x2  
  61  4:58  Drone x2  
  63  5:01  Zergling x12  
  63  5:05  Zergling x10  
  69  5:11  Baneling Nest  
  69  5:12  Zergling x4  
  69  5:19  Zergling x4  
  63  5:29  Drone x7  
  70  5:42  Zergling x8  
  68  5:43  Queen  
  68  5:44  Queen  
  68  5:49  Drone x2  
  73  5:50  Drone  
  74  6:04  Zergling x20  
  78  6:11  Queen  
  78  6:13  Overlord x2  
  78  6:14  Drone x5  
  84  6:18  Spore Crawler  
  82  6:29  Overseer  
  80  6:34  Drone x2  
  80  6:35  Baneling  
  80  6:36  Baneling x3  
  80  6:37  Baneling x14  
  82  6:41  Drone  
  82  6:42  Drone x8  
  91  6:50  Drone x7  
  93  7:13  Zergling x8  
  92  7:16  Drone  
  92  7:17  Drone x11  
  92  7:20  Extractor  
  92  7:21  Extractor  
  95  7:25  Evolution Chamber x2  
  95  7:27  Zergling x12  
  98  7:38  Infestation Pit  
  98  7:40  Drone  
  98  7:41  Drone x2  
  98  7:42  Drone x3  
  103  7:47  Drone  
  103  7:49  Overlord x2  
  103  7:53  Baneling x2  
  103  7:54  Baneling x6  
  104  7:58  Drone x2  
  104  7:59  Extractor  
  104  8:01  Zerg Ground Armor Level 1, Zerg Melee Weapons Level 1  
  103  8:10  Extractor  
  103  8:11  Extractor  
  101  8:18  Zergling x8  
  105  8:23  Hatchery  
  105  8:25  Drone x2  
  105  8:27  Hive  
  106  8:33  Zergling x10  
  111  8:35  Zergling x2  
  111  8:38  Overlord x2  
  112  8:44  Overseer  
  112  8:50  Overlord  
  109  9:02  Zergling x12  
  110  9:03  Zergling x16  
  112  9:10  Baneling x5  
  112  9:15  Zergling x14  
  112  9:16  Zergling x18  
  128  9:17  Overlord  
  128  9:23  Baneling x27  
  128  9:24  Baneling x6  
  128  9:27  Overlord  
  128  9:28  Overlord  
  128  9:32  Hatchery  
  127  9:43  Zergling x22  
  127  9:44  Zergling x6  
  131  9:48  Zergling x6  
  109  10:00  Zerg Ground Armor Level 2, Zerg Melee Weapons Level 2  
  109  10:03  Ultralisk Cavern  
  109  10:06  Baneling x2  
  104  10:17  Drone x2  
  104  10:18  Drone  
  104  10:20  Queen  
  108  10:29  Baneling x8  
  108  10:30  Baneling x15  
  108  10:42  Queen  
  110  10:43  Drone  
  110  10:44  Drone x22  
  110  10:46  Centrifugal Hooks  
  133  10:52  Queen  
  133  10:55  Drone x3  
  138  10:57  Ultralisk x2  
  138  10:59  Chitinous Plating  
  138  11:00  Overlord  
  138  11:01  Overlord x2  
  138  11:20  Extractor x2  
  138  11:24  Ultralisk x3  
  154  11:26  Zergling x40  
  154  11:29  Adrenal Glands  
  160  11:51  Drone  
  160  11:52  Drone x15  
  176  12:12  Ultralisk  
  176  12:14  Overlord x2  
  169  12:17  Anabolic Synthesis  
  168  12:24  Zerg Melee Weapons Level 3  
  168  12:25  Zerg Ground Armor Level 3  
  168  12:27  Drone  
  168  12:28  Drone x2  
  168  12:32  Zergling x2  
  168  12:33  Zergling x40  
  180  12:45  Hatchery, Zergling x4  
  180  12:46  Zergling x6  
  179  13:00  Baneling x3  
  179  13:01  Zergling x20  
  182  13:09  Hatchery  
  163  13:15  Baneling  
  163  13:16  Baneling x4  
  163  13:17  Baneling x2  
  163  13:19  Ultralisk  
  189  13:20  Ultralisk x4  
  189  13:23  Overlord x3  
  186  13:32  Zergling x2  
  169  13:38  Ultralisk x3  
  175  13:47  Ultralisk  
  175  13:48  Ultralisk x3  
  199  13:57  Extractor  
  199  14:00  Extractor  
  199  14:01  Zergling x6  
  200  14:09  Baneling x4  
  194  14:10  Baneling x3  
  194  14:14  Ultralisk x2  
  200  14:23  Queen  
  159  14:33  Zergling x2  
  159  14:34  Zergling x40  
  171  14:46  Zergling x38  
  190  15:01  Baneling x3  
  190  15:02  Baneling x5, Zergling x2  
  190  15:03  Zergling x22  
  184  15:07  Zerg Missile Weapons Level 1  
  184  15:09  Drone x2  
  181  15:25  Baneling x22  
  155  15:36  Zergling x16  
  155  15:38  Ultralisk x5  
  176  15:55  Drone x7  
  176  15:56  Drone x4  
  187  16:05  Baneling x2  
  174  16:20  Ultralisk x4  
  174  16:23  Hatchery  
  191  16:28  Zergling x8  
  189  16:38  Zergling x2, Extractor  
  189  16:39  Zergling x24  
  183  16:50  Zergling x2  
  184  16:56  Zergling x4  
  184  16:57  Zergling x18  
  184  16:58  Drone  
  189  17:23  Zergling x22  
Tags
 
Add a new tag
Caveats
  • Supply blocks, unpowered buildings, or Contaminate may cause inaccurate times.
  • Supply counts are checked every 10 seconds.